 Dungeon Crawl Stone Soup version 0.18.1-8-gdd0e5ea (webtiles) character file.

10936 Jojapa the Destroyer (level 11, -8/56 HPs)
             Began as a Deep Elf Wizard on May 26, 2016.
             Was a Priest of Vehumet.
             Killed from afar by an ice dragon (11 damage)
             ... with a blast of cold
             ... in an ice cave.
             The game lasted 01:04:23 (19810 turns).

Jojapa the Destroyer (Deep Elf Wizard)             Turns: 19810, Time: 01:04:24

Health: -8/56      AC: 18    Str:  4    XL:     11   Next: 42%
Magic:  4/30       EV: 17    Int: 27    God:    Vehumet [***...]
Gold:   759        SH:  0    Dex: 16    Spells: 6 memorised, 22 levels left

rFire  . . .     SeeInvis .     P - +1 flail (protect) {!a}
rCold  + . .     Gourm    .     M - +1 leather armour {rF+}
rNeg   . . .     Faith    +     (no shield)
rPois  .         Spirit   .     q - +2 helmet
rElec  .         Dismiss  .     a - +2 cloak {MR+}
rCorr  .         Reflect  .     D - +2 pair of gloves {Dex+3}
SustAt .         Harm     .     (no boots)
MR     ++...                    f - amulet of faith
Stlth  ++........               h - ring of ice
                                i - +4 ring of evasion

@: studying Stealth, very resistant to hostile enchantments, unstealthy
A: no striking features
a: Renounce Religion


You were in an ice cave.
You worshipped Vehumet.
Vehumet was most pleased with you.
You were not hungry.

You visited 2 branches of the dungeon, and saw 12 of its levels.
You also visited: Ice Cave.

You collected 903 gold pieces.
You spent 144 gold pieces at shops.

Inventory:

Hand Weapons
 P - a +1 flail of protection (weapon) {!a}
Armour
 a - a +2 cloak of magic resistance (worn)
 q - a +2 helmet (worn)
 D - a +2 pair of gloves of dexterity (worn)
 M - a +1 leather armour of fire resistance (worn)
Magical Staves
 R - an uncursed staff of poison
 W - an uncursed staff of cold
Jewellery
 f - an amulet of faith (around neck)
 h - a ring of ice (right hand)
 i - a +4 ring of evasion (left hand)
 n - an uncursed amulet of dismissal
 w - an uncursed amulet of the gourmand
 G - an uncursed amulet of guardian spirit
 H - an uncursed amulet of magic regeneration
 O - a +2 ring of dexterity
Wands
 K - a wand of slowing (4/48)
Scrolls
 j - 3 scrolls of blinking
 k - 2 scrolls of fear
 o - 8 scrolls of remove curse
 r - 3 scrolls of magic mapping
 A - a scroll of teleportation
 S - 4 scrolls of identify
 T - a scroll of random uselessness {unknown}
 U - 3 scrolls of enchant armour
 X - 2 scrolls of amnesia
Potions
 e - 2 potions of lignification
 l - a potion of flight
 m - a potion of might
 p - a potion of agility
 s - a potion of brilliance
 u - a potion of heal wounds
 z - 2 potions of curing
 B - 2 potions of invisibility
 I - a potion of ambrosia {unknown}
 J - a potion of cancellation {unknown}
 L - a potion of cure mutation {unknown}
 Q - a potion of magic {unknown}
Books
 c - a book of Minor Magic

   Spells                             Type                      Level
   a - Magic Dart                     Conjuration                  1
   b - Blink                          Translocation                2
   c - Call Imp                       Summoning                    2
   d - Repel Missiles                 Charms/Air                   2
   e - Slow                           Hexes                        2
   f - Conjure Flame                  Conjuration/Fire             3
   g - Mephitic Cloud                 Conjuration/Poison/Air       3
 t - a manual of Stealth
 N - a book of Party Tricks

   Spells                             Type                      Level
   a - Summon Butterflies             Summoning                    1
   b - Apportation                    Translocation                1
   c - Tukima's Dance                 Hexes                        3
   d - Alistair's Intoxication        Transmutation/Poison         5
   e - Invisibility                   Hexes                        6
 V - a book of Death

   Spells                             Type                      Level
   a - Corpse Rot                     Necromancy                   2
   b - Sublimation of Blood           Necromancy                   2
   c - Agony                          Necromancy                   5
   d - Dispel Undead                  Necromancy                   5
   e - Excruciating Wounds            Charms/Necromancy            5
   f - Bolt of Draining               Conjuration/Necromancy       5
Comestibles
 d - 9 bread rations
 v - 11 meat rations
 E - 4 fruits


   Skills:
 - Level 1.0 Fighting
 - Level 4.0 Dodging
 - Level 2.4 Stealth
 + Level 13.6 Spellcasting
 * Level 14.4 Conjurations
 - Level 2.2 Charms
   Level 1.1 Summonings
 - Level 2.0 Translocations
 - Level 1.0 Fire Magic
 - Level 3.0 Air Magic
 - Level 2.1 Poison Magic


You had 22 spell levels left.
You knew the following spells:

 Your Spells              Type           Power        Failure   Level  Hunger
a - Magic Dart            Conj           ####         0%          1    None
b - Blink                 Tloc           N/A          4%          2    None
c - Repel Missiles        Chrm/Air       ####..       2%          2    None
d - Mephitic Cloud        Conj/Pois/Air  ######..     1%          3    None
e - Conjure Flame         Conj/Fire      ####....     1%          3    None
f - Force Lance           Conj/Tloc      ######..     1%          4    None


Dungeon Overview and Level Annotations

Branches:
Dungeon (11/15)            Temple (1/1) D:7            Lair (0/8) D:11
    Orc (0/2) D:10

Altars:
Ashenzari
Cheibriados
Dithmenos
Elyvilon
Fedhas
Gozag
Kikubaaqudgha
Makhleb
Nemelex Xobeh
Okawaru
Pakellas
Qazlal
Ru
Sif Muna
Trog
Vehumet
Xom
Yredelemnul
Zin
The Shining One

Shops:
D:5 [   D:8 %   D:9 :

Annotations:
D:7 wand behind glass


Message History

Press: ? - help, Shift-Dir - straight line, f/p - ice dragon
Aim: an ice dragon (severely wounded)
The lance of force hits the ice dragon.
The ice dragon is almost dead.
The ice dragon is knocked back by the lance of force.
Casting: Force Lance
Confirm with . or Enter, or press ? or * to list all spells.
You don't have enough magic to cast that spell.
The ice dragon breathes frost at you. The blast of cold hits you! You resist.
* * * LOW HITPOINT WARNING * * *
The ice dragon breathes frost at you. The blast of cold misses you.
The ice dragon bites you but does no damage.
The ice dragon claws you.
* * * LOW HITPOINT WARNING * * *
The ice dragon tramples you but does no damage.
The ice dragon breathes frost at you. The blast of cold hits you! You resist.
You die...

##..#
##.#.#
##..##
#..###
###..##
##.##
#...##
##..#
###.###
#..##
##.#..#
##..#
#..##.##
##.##
#.DD#..#
#.#.#
##.#.@.##
##.##
#..#####
#..#
#...#
##.##
#..##
#..# #.##
#.## #..
#..## #..
#.#.#
##..
##.## .D
#.##


You could see 2 ice dragons.

Vanquished Creatures
  A tengu warrior (D:10)
  A deep elf mage (D:10)
  Maurice (D:8)
  Joseph (D:7)
  2 ice statues (IceCv)
  A troll (D:10)
  A merfolk (D:9)
  A slime creature (D:10)
  A wraith (D:10)
  A wyvern (D:10)
  Eustachio (D:5)
  A steam dragon (D:9)
  A hippogriff (D:10)
  A mottled dragon (D:8)
  9 orc warriors
  18 ice beasts
  3 sky beasts
  A necrophage (D:8)
  7 ogres
  2 centaurs
  3 big kobolds
  7 giant frogs
  2 gnoll sergeants (D:10)
  2 wyvern skeletons
  4 scorpions
  8 wights
  A vampire bat (D:9)
  2 howler monkeys (D:7)
  4 crimson imps
  3 giant frog zombies
  7 hounds
  5 jellies
  A quasit (D:9)
  Crazy Yiuf (D:7)
  4 centaur skeletons
  3 giant frog skeletons
  6 orc priests
  Terence (D:2)
  6 iguanas
  14 orc wizards
  5 worker ants
  2 hound zombies
  2 hound skeletons
  8 adders
  6 gnolls
  A howler monkey skeleton (D:8)
  3 shadow imps
  3 oozes
  2 adder skeletons
  2 worms
  2 dart slugs
  14 giant geckos
  55 orcs
  A ball python (D:5)
  4 giant cockroaches
  11 goblins
  4 hobgoblins
  14 jackals
  11 kobolds
  7 quokkas
  24 bats
  A giant gecko skeleton (D:4)
  4 giant newts
  A jackal skeleton (D:6)
  A quokka skeleton (D:5)
  10 rats
  A spectral orc (D:4)
338 creatures vanquished.

Vanquished Creatures (others)
  An ooze (D:6)
1 creature vanquished.

Grand Total: 339 creatures vanquished

Notes
Turn   | Place    | Note
--------------------------------------------------------------
     0 | D:1      | Jojapa the Deep Elf Wizard began the quest for the Orb.
     0 | D:1      | Reached XP level 1. HP: 10/10 MP: 7/7
   286 | D:1      | Reached skill level 2 in Conjurations
   286 | D:1      | Reached XP level 2. HP: 15/15 MP: 0/9
  1313 | D:1      | Reached XP level 3. HP: 19/19 MP: 8/11
  1519 | D:1      | Learned a level 2 spell: Blink
  1522 | D:1      | Learned a level 2 spell: Repel Missiles
  1526 | D:1      | Learned a level 3 spell: Mephitic Cloud
  1530 | D:1      | Learned a level 3 spell: Conjure Flame
  1742 | D:1      | Reached skill level 5 in Spellcasting
  1742 | D:1      | Reached skill level 3 in Conjurations
  2214 | D:2      | Found a shimmering altar of Xom.
  2341 | D:2      | Reached XP level 4. HP: 24/24 MP: 8/13
  2472 | D:2      | Found a white marble altar of Elyvilon.
  2696 | D:2      | Reached skill level 1 in Fire Magic
  3031 | D:3      | Found a glowing golden altar of the Shining One.
  3046 | D:3      | Noticed Terence
  3093 | D:1      | Reached skill level 1 in Poison Magic
  3697 | D:2      | Reached skill level 1 in Charms
  4023 | D:1      | Reached XP level 5. HP: 28/28 MP: 3/14
  4552 | D:4      | Reached skill level 1 in Air Magic
  4886 | D:4      | Reached skill level 1 in Fighting
  5068 | D:4      | Reached XP level 6. HP: 25/34 MP: 0/16
  5081 | D:5      | Entered Level 5 of the Dungeon
  5175 | D:5      | Found Bolamani's Antique Armour Shop.
  5216 | D:5      | Bought a pair of embroidered gloves for 144 gold pieces
  5386 | D:4      | Reached skill level 4 in Conjurations
  6083 | D:4      | Reached XP level 7. HP: 29/38 MP: 6/18
  6420 | D:4      | Found a basalt altar of Yredelemnul.
  6920 | D:5      | You fall through a shaft for 3 floors!
  7135 | D:6      | Found a stormy altar of Qazlal.
  7160 | D:6      | Reached skill level 5 in Conjurations
  7246 | D:6      | Noticed Eustachio
  7652 | D:5      | Found a snail-covered altar of Cheibriados.
  7870 | D:5      | Found a blossoming altar of Fedhas.
  8564 | D:5      | Reached XP level 8. HP: 43/43 MP: 14/21
  8684 | D:5      | Killed Eustachio
  8684 | D:5      | Reached skill level 6 in Conjurations
  8735 | D:6      | Found a deep blue altar of Sif Muna.
  9160 | D:6      | Reached skill level 7 in Conjurations
  9682 | D:7      | Reached skill level 8 in Conjurations
  9922 | D:7      | Found a shattered altar of Ashenzari.
  9988 | D:7      | Reached XP level 9. HP: 47/47 MP: 21/24
 10234 | D:7      | Noticed Joseph
 10260 | D:7      | Killed Joseph
 10260 | D:7      | Reached skill level 9 in Conjurations
 10415 | D:7      | Reached skill level 10 in Spellcasting
 10637 | D:7      | Reached skill level 10 in Conjurations
 10708 | D:7      | Noticed Crazy Yiuf
 10717 | D:7      | Killed Crazy Yiuf
 11019 | D:7      | Found a staircase to the Ecumenical Temple.
 11031 | Temple   | Entered the Ecumenical Temple
 11525 | D:2      | Killed Terence
 12444 | D:8      | Noticed Maurice
 12460 | D:8      | Killed Maurice
 12460 | D:8      | Reached skill level 11 in Conjurations
 12725 | D:8      | Found a sparkling altar of Nemelex Xobeh.
 12751 | D:8      | Found Meinal's Food Shoppe.
 12785 | D:8      | Found a radiant altar of Vehumet.
 12785 | D:8      | Found a burning altar of Makhleb.
 12793 | D:8      | Became a worshipper of Vehumet
 12988 | D:8      | Reached XP level 10. HP: 52/52 MP: 8/27
 13665 | D:9      | Found Owoireb's Book Shop.
 14007 | D:9      | Found an iron altar of Okawaru.
 14202 | D:9      | Reached * piety under Vehumet
 14202 | D:9      | Offered knowledge of Sandblast by Vehumet.
 14954 | D:10     | Entered Level 10 of the Dungeon
 15198 | D:10     | Reached skill level 12 in Conjurations
 15294 | D:10     | Found a staircase to the Orcish Mines.
 15602 | D:10     | Offered knowledge of Throw Flame by Vehumet.
 15611 | D:10     | Reached ** piety under Vehumet
 15880 | D:10     | Noticed a deep elf mage
 15913 | D:10     | Noticed a tengu warrior
 16224 | D:10     | Offered knowledge of Inner Flame by Vehumet.
 16255 | D:10     | Killed a tengu warrior
 16255 | D:10     | Reached skill level 13 in Conjurations
 17086 | D:10     | Reached XP level 11. HP: 56/56 MP: 4/29
 17245 | D:10     | Killed a deep elf mage
 17900 | D:10     | Reached *** piety under Vehumet
 18273 | D:11     | Found a frozen archway.
 18318 | IceCv    | Entered an ice cave
 18353 | IceCv    | Reached skill level 14 in Conjurations
 18367 | IceCv    | Offered knowledge of Force Lance by Vehumet.
 18771 | IceCv    | Learned a level 4 spell: Force Lance
 19794 | IceCv    | Noticed an ice dragon
 19801 | IceCv    | Noticed an ice dragon
 19810 | IceCv    | Killed from afar by an ice dragon

Skill      XL: |  1  2  3  4  5  6  7  8  9 10 11 |
---------------+----------------------------------+-----
Conjurations   | 2 3 4 5 8 11 13 14 | 14.4
Spellcasting   | 5 6 7 9 11 12 13 | 13.6
Fire Magic     | 1 |  1.0
Poison Magic   | 1 2 |  2.1
Charms         | 1 2 |  2.2
Air Magic      | 1 2 3 |  3.0
Fighting       | 1 |  1.0
Translocations | 2 |  2.0
Dodging        | 3 4 |  4.0
Stealth        | |  2.4
Summonings     | |  1.1

Action                   |  1- 3 |  4- 6 |  7- 9 | 10-12 || total
-------------------------+-------+-------+-------+-------++-------
Melee: Unarmed           |       |     1 |       |       ||     1
       Flail             |       |       |       |    15 ||    15
 Cast: Magic Dart        |    85 |   208 |   602 |   663 ||  1558
       Blink             |     6 |     6 |    19 |    10 ||    41
       Conjure Flame     |       |    12 |    22 |    32 ||    66
       Mephitic Cloud    |       |     2 |    33 |    30 ||    65
       Force Lance       |       |       |       |    23 ||    23
Evoke: Wand              |       |       |       |    24 ||    24
  Use: Scroll            |       |     4 |    15 |     2 ||    21
       Potion            |       |       |       |     1 ||     1
  Eat: Chunk             |     4 |    20 |    10 |    12 ||    46
       Royal jelly       |       |       |     1 |     1 ||     2
       Beef jerky        |       |       |       |     2 ||     2
       Bread ration      |       |       |       |     1 ||     1
Armor: Robe              |     4 |     5 |       |       ||     9
       Leather armour    |       |     3 |    53 |   103 ||   159
Dodge: Dodged            |    17 |    40 |   138 |   190 ||   385
